 Dungeon Crawl Stone Soup version 0.21-a0-615-g8e08f28 (webtiles) character file.

19664 polly the Basher (level 12, 0/77 HPs)
             Began as a Gargoyle Berserker on Dec 23, 2017.
             Was a High Priest of Trog.
             Slain by an orc warrior
             ... wielding a +0 trident
              (13 damage)
             ... on level 2 of the Orcish Mines.
             The game lasted 00:24:37 (14049 turns).

polly the Basher (Gargoyle Berserker)              Turns: 14049, Time: 00:24:44

Health: 0/77       AC: 29    Str: 26    XL:     12   Next: 71%
Magic:  7/7        EV:  8    Int:  6    God:    Trog [*****.]
Gold:   1137       SH: 11    Dex: 13    Spells: 11/11 levels left

rFire    + . .     SeeInvis +   g - +3 demon whip (antimagic)
rCold    . . .     Gourm    .   e - +0 shield
rNeg     + . .     Faith    .   I - +1 plate armour {rF+}
rPois    ∞         Spirit   .   f - +0 helmet
rElec    +         Reflect  .   o - +0 cloak
rCorr    .         Harm     .   (no gloves)
MR       .....                  q - +0 pair of boots
Stlth    ..........             (no amulet)
HPRegen  0.22/turn              O - ring of see invisible
MPRegen  0.10/turn              s - ring "Oddeff" {rElec rPois MP+9 Str+5 Int-3}

@: no status effects
A: negative energy resistance 1, electricity resistance, unbreathing,
petrification resistance, rot immunity, AC +8
a: Berserk, Trog's Hand, Brothers in Arms, Burn Spellbooks, Renounce Religion


You were on level 2 of the Orcish Mines.
You worshipped Trog.
Trog was extremely pleased with you.
You were not hungry.

You visited 2 branches of the dungeon, and saw 14 of its levels.
You also visited: Ossuary.

You collected 1434 gold pieces.
You spent 297 gold pieces at shops.

Inventory:

Hand Weapons
 g - a +3 antimagic demon whip (weapon)
Missiles
 Q - 2 throwing nets (quivered)
Armour
 e - a +0 shield (worn)
 f - a +0 helmet (worn)
 o - a +0 cloak (worn)
 q - a +0 pair of boots (worn)
 I - a +1 plate armour of fire resistance (worn)
Jewellery
 s - the ring "Oddeff" (right hand) {rElec rPois MP+9 Str+5 Int-3}
   (You acquired it on level 1 of the Orcish Mines)

   [ring of magical power]

   It affects your strength (+5).
   It affects your intelligence (-3).
   It insulates you from electricity.
   It protects you from poison.
   It affects your magic capacity (+9).
 O - a ring of see invisible (left hand)
Wands
 a - a wand of disintegration (9)
 d - a wand of iceblast (18)
 J - a wand of digging (11)
 L - a wand of clouds (3)
Scrolls
 h - 4 scrolls of magic mapping
 j - a scroll of fear
 k - 3 scrolls of enchant armour {unknown}
 p - 5 scrolls of teleportation
 t - 2 scrolls of blinking {unknown}
 w - 2 scrolls of vulnerability {unknown}
 y - 2 scrolls of identify
 z - 7 scrolls of remove curse
 A - 2 scrolls of immolation {unknown}
 D - 3 scrolls of noise {unknown}
 G - 3 scrolls of random uselessness
 K - a scroll of silence {unknown}
 N - a scroll of fog {unknown}
 P - a scroll of enchant weapon {unknown}
Potions
 b - 3 potions of curing
 i - 4 potions of mutation {unknown}
 l - 2 potions of brilliance {unknown}
 m - 3 potions of ambrosia {unknown}
 n - 2 potions of agility {unknown}
 r - 2 potions of might
 u - 2 potions of heal wounds
 v - a potion of magic {unknown}
 x - 2 potions of resistance
 C - a potion of haste
 M - a potion of berserk rage {unknown}
Books
 H - a book of Frost

   Spells                             Type                      Level
   a - Freeze                         Ice                          1
   b - Throw Frost                    Conjuration/Ice              2
   c - Ozocubu's Armour               Charms/Ice                   3
   d - Throw Icicle                   Conjuration/Ice              4
   e - Summon Ice Beast               Ice/Summoning                4
   Trog disapproves of the use of such an item.
Miscellaneous
 B - 2 boxes of beasts
 F - a sack of spiders
Comestibles
 c - 20 rations
 E - 2 chunks of flesh


   Skills:
 + Level 10.1 Fighting
 + Level 13.0 Maces & Flails
 + Level 0.8 Throwing
 + Level 11.5 Armour
 + Level 4.7 Dodging
 + Level 3.1 Stealth
 + Level 6.4 Shields


You had 11 spell levels left.
You didn't know any spells.

Dungeon Overview and Level Annotations

Branches:
Dungeon (12/15)            Temple (0/1) D:6            Lair (0/6) D:11
    Orc (2/2) D:10            Elf (0/3) Orc:2

Altars:
Cheibriados
Makhleb
Nemelex Xobeh
Okawaru
Sif Muna
Trog
Uskayaw
Vehumet
Zin
Beogh

Shops:
D:4 (   D:5 =   D:7 !   D:10 (   Orc:1 ?   Orc:2 !?!

Annotations:
D:4 1 transporter
D:10 1 runed door


Innate Abilities, Weirdness & Mutations

You are resistant to torment.
Your stone body is resilient. (AC +8)
You are immune to poison.
You resist negative energy. (rN+)
You are resistant to electric shocks. (rElec)
You can survive without breathing.
You are immune to petrification.
You are immune to rotting.


Message History

You are too injured to fight recklessly!
You are too injured to fight recklessly!
You are too injured to fight recklessly!
You are too injured to fight recklessly!
You are too injured to fight recklessly!
You are too injured to fight recklessly!
You are too injured to fight recklessly!
You are too injured to fight recklessly!
You are too injured to fight recklessly!
You are too injured to fight recklessly!
You are too injured to fight recklessly!
You are too injured to fight recklessly!
Unknown command.
Your deep troll goes berserk!
You feel quite a bit more hungry. You block the orc warrior's attack.
The orc warrior hits you with a war axe!!
* * * LOW HITPOINT WARNING * * *
You block the orc knight's attack. The orc barely misses you.
The orc warrior hits you from afar with a trident!
You die...

## ### ###############
#..#..####..#.#...#...#.
........#...............
......oo.T..............
#....o@(...............
$....ooo................
........................
.......$................
....o...................
........................
........................
........................
.....................


You could see an orc knight, 3 orc warriors, 2 orc priests, an orc and a
friendly deep troll (berserk).

Vanquished Creatures
  Erolcha (D:12)
  The ghost of FlobFlarker2 the Spear-Bearer, a journeyman DsFi of Okawaru (D:12)
  Harold (Orc:1)
  2 two-headed ogres
  A tengu warrior (D:10)
  The ghost of Squip the Geomancer, a novice FoEE of Okawaru (D:6)
  An unseen horror (D:11)
  2 orc knights
  A manticore (D:10)
  An ugly thing (D:11)
  Joseph (D:8)
  Psyche (D:8)
  A freezing wraith (D:11)
  A tengu conjurer (D:10)
  A troll (D:11)
  A hornet (D:10)
  A hippogriff (D:9)
  2 water elementals (D:11)
  2 wraiths
  A wyvern (D:10)
  13 yaks
  A spriggan (D:11)
  A vampire mosquito (D:10)
  2 wargs
  Menkaure (D:6)
  11 orc warriors
  2 black bears (D:8)
  A sky beast (D:7)
  An eye of draining (D:12)
  2 ice beasts
  5 ogres
  2 wolves (D:11)
  3 phantoms
  4 centaurs
  2 big kobolds
  12 bullfrogs
  A gnoll sergeant (D:10)
  2 jellies
  11 scorpions
  8 killer bees
  14 wights
  8 electric eels
  4 howler monkeys (D:10)
  7 crimson imps
  3 human zombies (Ossuary)
  A quasit (D:10)
  2 centaur zombies
  5 hounds
  Crazy Yiuf (D:7)
  9 orc priests
  10 orc wizards
  A bullfrog skeleton (D:7)
  3 centaur skeletons
  4 iguanas
  7 worker ants
  Ijyb (D:3)
  Natasha (twice) (D:3)
  2 big kobold zombies (Ossuary)
  A hound zombie (D:5)
  A hound skeleton (D:7)
  3 mummies (Ossuary)
  Robin (D:2)
  3 gnolls (D:5)
  2 worker ant zombies
  4 scorpion zombies (Ossuary)
  13 adders
  2 shadow imps
  An ooze (D:1)
  An adder zombie (D:7)
  A worm (D:2)
  5 dart slugs
  4 leopard geckos
  51 orcs
  A ball python (D:7)
  8 bats
  3 giant cockroaches
  9 goblins
  11 hobgoblins
  4 jackals
  A quokka (D:11)
  5 frilled lizards
  A giant cockroach zombie (D:5)
  3 gnoll zombies (Ossuary)
  A goblin zombie (Ossuary)
  3 hobgoblin zombies (Ossuary)
  18 kobolds
  6 kobold zombies (Ossuary)
  An orc zombie (Ossuary)
  6 rats
367 creatures vanquished.

Vanquished Creatures (others)
  A water elemental (D:11)
  A goblin zombie (Ossuary)
  An orc zombie (Ossuary)
3 creatures vanquished.

Grand Total: 370 creatures vanquished

Notes
Turn   | Place    | Note
-------+----------+-------------------------------------------
     0 | D:1      | polly the Gargoyle Berserker began the quest for the Orb.
     0 | D:1      | Reached XP level 1. HP: 14/14 MP: 1/1
    93 | D:1      | Reached XP level 2. HP: 18/19 MP: 2/2
   581 | D:1      | Reached XP level 3. HP: 23/23 MP: 3/3
   977 | D:2      | Noticed Robin
   995 | D:2      | Killed Robin
   999 | D:2      | Reached ** piety under Trog
  1007 | D:2      | Reached XP level 4. HP: 21/29 MP: 4/4
  1471 | D:3      | Noticed Ijyb
  1481 | D:3      | Killed Ijyb
  1481 | D:3      | Reached skill level 4 in Maces & Flails
  1561 | D:3      | Reached XP level 5. HP: 33/33 MP: 5/5
  1613 | D:3      | Noticed Natasha
  1630 | D:3      | Killed Natasha
  1874 | D:4      | Found a sparkling altar of Nemelex Xobeh.
  1915 | D:4      | Reached *** piety under Trog
  1915 | D:4      | Reached skill level 5 in Maces & Flails
  1926 | D:4      | Reached XP level 6. HP: 28/38 MP: 6/6
  1959 | D:4      | Found a transporter.
  1962 | D:4      | Noticed a kobold demonologist
  2092 | D:4      | Found Ruosuogo's Weapon Shoppe.
  2123 | D:4      | Found a transporter.
  2183 | D:4      | Found a sand-covered staircase.
  2188 | Ossuary  | Entered an ossuary
  2449 | Ossuary  | Reached skill level 6 in Maces & Flails
  2455 | Ossuary  | Reached XP level 7. HP: 42/44 MP: 7/7
  2811 | Ossuary  | Reached skill level 7 in Maces & Flails
  3076 | Ossuary  | Reached XP level 8. HP: 41/48 MP: 8/8
  3117 | Ossuary  | Reached skill level 5 in Fighting
  3233 | D:4      | Found a burning altar of Makhleb.
  3526 | D:4      | Identified a scroll of acquirement
  3563 | D:3      | Noticed Natasha
  3568 | D:3      | Killed Natasha
  3601 | D:5      | Entered Level 5 of the Dungeon
  3678 | D:5      | Reached skill level 8 in Maces & Flails
  3838 | D:5      | Reached **** piety under Trog
  4235 | D:5      | Found Fafar's Jewellery Boutique.
  4488 | D:5      | Reached skill level 5 in Armour
  4596 | D:5      | Reached skill level 1 in Stealth
  4977 | D:6      | Reached skill level 9 in Maces & Flails
  5011 | D:6      | Reached XP level 9. HP: 28/55 MP: 9/9
  5262 | D:6      | Found a staircase to the Ecumenical Temple.
  5319 | D:6      | Noticed Menkaure
  5327 | D:6      | Killed Menkaure
  5449 | D:6      | Noticed Squip's ghost (novice FoEE)
  5865 | D:6      | Killed Squip's ghost
  5865 | D:6      | Reached skill level 10 in Maces & Flails
  6166 | D:4      | Bought the cursed +2 whip "Vegiap" {drain, rElec Str+2} for 297 gold pieces
  6291 | D:7      | Found Orowki's Distillery.
  6688 | D:7      | Found a glowing silver altar of Zin.
  6779 | D:7      | Reached XP level 10. HP: 58/61 MP: 10/10
  6821 | D:7      | Found a runed door.
  7194 | D:7      | Noticed Crazy Yiuf
  7203 | D:7      | Killed Crazy Yiuf
  7223 | D:8      | Noticed Psyche
  7232 | D:8      | Killed Psyche
  7295 | D:8      | Noticed Joseph
  7298 | D:8      | Found a bloodstained altar of Trog.
  7320 | D:8      | Killed Joseph
  7320 | D:8      | Reached ***** piety under Trog
  7334 | D:8      | Reached skill level 11 in Maces & Flails
  7446 | D:8      | Found an iron altar of Okawaru.
  7446 | D:8      | Found a glowing silver altar of Zin.
  7447 | D:8      | Found a radiant altar of Vehumet.
  8254 | D:9      | Noticed a two-headed ogre
  8266 | D:9      | Killed a two-headed ogre
  8366 | D:9      | Found a hide-covered altar of Uskayaw.
  8370 | D:9      | Found a snail-covered altar of Cheibriados.
  8599 | D:9      | Reached XP level 11. HP: 48/68 MP: 11/11
  8998 | D:9      | Found a deep blue altar of Sif Muna.
  9190 | D:9      | Reached skill level 12 in Maces & Flails
  9218 | D:10     | Entered Level 10 of the Dungeon
  9278 | D:10     | Found a staircase to the Orcish Mines.
  9287 | D:10     | Found Issonko's Weapon Shop.
  9534 | D:10     | Found a runed door.
  9656 | D:10     | Noticed an orc knight
  9668 | D:10     | Killed an orc knight
  9755 | D:10     | Noticed a tengu warrior
  9759 | D:10     | Noticed a manticore
  9798 | D:10     | Killed a tengu warrior
  9826 | D:10     | Killed a manticore
  9868 | D:10     | Reached skill level 10 in Armour
 10382 | D:11     | Noticed a white ugly thing
 10402 | D:11     | Killed a white ugly thing
 10576 | D:10     | Reached skill level 1 in Shields
 10969 | D:11     | Received a gift from Trog
 11469 | D:11     | Reached XP level 12. HP: 54/76 MP: 12/12
 11470 | D:11     | Found a staircase to the Lair.
 12054 | D:12     | Noticed FlobFlarker2's ghost (journeyman DsFi)
 12102 | D:12     | Killed FlobFlarker2's ghost
 12102 | D:12     | Reached skill level 5 in Shields
 12214 | D:12     | Noticed Erolcha
 12223 | D:12     | Killed Erolcha
 12814 | Orc:1    | Entered Level 1 of the Orcish Mines
 12907 | Orc:1    | Found a roughly hewn altar of Beogh.
 12908 | Orc:1    | Noticed Harold
 12930 | Orc:1    | Killed Harold
 12930 | Orc:1    | Reached skill level 10 in Fighting
 13205 | Orc:1    | Reached skill level 13 in Maces & Flails
 13248 | Orc:1    | Received a gift from Trog
 13554 | Orc:1    | Found Vestriomm's Magic Scroll Shop.
 13558 | Orc:1    | Noticed a two-headed ogre
 13582 | Orc:1    | Killed a two-headed ogre
 13774 | Orc:1    | Got a twitching marble ring
 13775 | Orc:1    | Identified the ring "Oddeff" {rElec rPois MP+9 Str+5 Int-3} (You acquired it on level 1 of the Orcish Mines)
 13788 | Orc:2    | Entered Level 2 of the Orcish Mines
 13791 | Orc:2    | Found Agrolipt's Distillery.
 13799 | Orc:2    | Found Wutros's Magic Scroll Emporium.
 13843 | Orc:2    | Found a staircase to the Elven Halls.
 13878 | Orc:2    | Found Ahogomypn's Distillery.
 14049 | Orc:2    | Slain by an orc warrior

Vault maps used:
D:1:      dpeg_arrival_simpleton_a, minmay_fountain_box, kennysheep_boxes
D:2:      first_ration, minivault_24, minmay_pentomino_o2, uniq_robin
D:3:      uniq_natasha, uniq_ijyb
D:4:      gammafunk_wand_slinger, nemelex_xobeh_ov_fountains_minmay,
          lemuel_doored_altar, serial_shops, shop, nicolae_ossuary_entry_plus
D:5:      serial_shops, kennysheep_mini_moat, hangedman_abyss_or_decor_passed
D:6:      minmay_temple_entry_overgrown, uniq_menkaure
D:7:      basic_altar, serial_shops, shop, uniq_crazy_yiuf_cottage
D:8:      trog_ov_bears_minmay, minitemple, uniq_psyche, uniq_joseph
D:9:      cheibrodos_two_vegetables, lemuel_coloured_pillars_altar,
          grunt_temple_overflow_open
D:10:     minmay_the_grid_triangle_9x9_rhombus_full, orc_david_3
D:11:     erik_lair_island, the_bakery
D:12:     uniq_erolcha
Orc:1:    serial_shops, nicolae_shop_competitors_out_of_business, basic_altar,
          nicolae_orc_bridge_out, uniq_harold
Orc:2:    kennysheep_orc_mage_school, serial_shops, shop, shop, shop
Ossuary:  ossuary_minmay_scorpions

Skill      XL: |  1  2  3  4  5  6  7  8  9 10 11 12 |
---------------+-------------------------------------+-----
Dodging        | 2 3 4 |  4.7
Armour         | 3 4 5 7 8 10 11 | 11.5
Maces & Flails | 4 5 6 7 9 10 11 12 13 | 13.0
Fighting       | 4 5 6 8 9 10 | 10.1
Stealth        | 1 2 3 |  3.1
Shields        | 4 6 |  6.4
Throwing       | |  0.8

Action                   |  1- 3 |  4- 6 |  7- 9 | 10-12 || total
-------------------------+-------+-------+-------+-------++-------
Melee: Mace              |   104 |   254 |   550 |       ||   908
       Whip              |       |       |   109 |  1319 ||  1428
       Demon whip        |       |       |       |    54 ||    54
Throw: Javelin           |       |       |       |     4 ||     4
Invok: Berserk           |       |     1 |     5 |    12 ||    18
       Burn Spellbooks   |       |       |     2 |     2 ||     4
       Brothers in Arms  |       |       |       |     1 ||     1
Evoke: Wand              |       |       |       |     1 ||     1
  Use: Scroll            |       |       |     9 |     5 ||    14
       Potion            |       |       |     3 |     2 ||     5
 Stab: Invisible         |       |       |       |     1 ||     1
       Distracted        |       |       |       |     1 ||     1
  Eat: Chunk             |       |     4 |     5 |    25 ||    34
       Ration            |       |     1 |     4 |     3 ||     8
Armor: Animal skin       |    12 |       |       |       ||    12
       Chain mail        |    57 |   223 |   390 |   246 ||   916
       Plate armour      |       |       |       |   610 ||   610
Dodge: Dodged            |    58 |   132 |   276 |   469 ||   935
Block: Shield            |       |       |       |   462 ||   462

Table legend:
 A = Spawn XP
 B = Non-spawn XP
 C = Spawn XP percentage of total XP
 D = Spawn monster count
 E = Non-spawn monster count
 F = Spawn count percentage of total count
 G = Total turns spent on level
                    A         B        C        D         E        F      G
               +---------+---------+-------+---------+---------+-------+---------
         Total |       0 |   28092 |   0.0 |       0 |     368 |   0.0 | 14049
               +---------+---------+-------+---------+---------+-------+---------
           D:1 |       0 |      43 |   0.0 |       0 |      23 |   0.0 |   836
           D:2 |       0 |      52 |   0.0 |       0 |      18 |   0.0 |   513
           D:3 |       0 |     184 |   0.0 |       0 |      28 |   0.0 |   555
           D:4 |       0 |     269 |   0.0 |       0 |      13 |   0.0 |   714
           D:5 |       0 |     641 |   0.0 |       0 |      21 |   0.0 |  1309
           D:6 |       0 |    1760 |   0.0 |       0 |      17 |   0.0 |  1303
           D:7 |       0 |    1198 |   0.0 |       0 |      27 |   0.0 |   977
           D:8 |       0 |    1465 |   0.0 |       0 |      14 |   0.0 |   653
           D:9 |       0 |    2940 |   0.0 |       0 |      36 |   0.0 |  1342
          D:10 |       0 |    5336 |   0.0 |       0 |      39 |   0.0 |  1573
          D:11 |       0 |    5500 |   0.0 |       0 |      41 |   0.0 |  1391
          D:12 |       0 |    3657 |   0.0 |       0 |      20 |   0.0 |   632
         Orc:1 |       0 |    3596 |   0.0 |       0 |      23 |   0.0 |   976
         Orc:2 |       0 |     544 |   0.0 |       0 |      12 |   0.0 |   259
       Ossuary |       0 |     907 |   0.0 |       0 |      36 |   0.0 |  1016
               +---------+---------+-------+---------+---------+-------+---------
